[Event "ICC Open 2015"]
[Site "Internet Chess Club"]
[Date "2015.05.30"]
[Round "5"]
[White "Psycho-Cowboy"]
[Black "PADILLON2189"]
[Result "0-1"]
[ICCResult "White checkmated"]
[WhiteElo "2506"]
[BlackElo "2058"]
[Opening "English: three knights system"]
[ECO "A27"]
[NIC "EO.21"]
[Time "19:41:45"]
[TimeControl "180+0"]

1. c4 e5 2. Nc3 Nc6 3. Nf3 Bb4 4. Nd5 Be7 5. d4 exd4 6. Nxd4 Nf6 7. Nxe7
Qxe7 8. e3 Nxd4 9. Qxd4 d6 10. Be2 O-O 11. O-O Bd7 12. b3 Bc6 13. Bb2 Rfe8
14. Rfd1 a5 15. Qh4 Ne4 16. Qxe7 Rxe7 17. f3 Nc5 18. e4 f5 19. Bd3 fxe4 20.
Bxe4 Nxe4 21. fxe4 Rxe4 22. Re1 Rae8 23. Rxe4 Rxe4 24. Kf2 a4 25. Rd1 axb3
26. axb3 g6 27. Rd3 Kf7 28. Rf3+ Ke7 29. Rh3 h5 30. Rg3 Re6 31. h4 Be4 32.
Bc1 Bf5 33. Bg5+ Kd7 34. Rc3 Kc6 35. b4 Re4 36. g3 Be6 37. c5 d5 38. Rf3
Rxb4 39. Rf6 Kd7 40. Rxg6 Rc4 41. Rg7+ Kc6 42. Bd8 Rxc5 43. Rxc7+ Kb5 44.
Rxb7+ Kc4 45. Re7 Bg4 46. Ke3 d4+ 47. Ke4 d3 48. Ke3 Bf5 49. Ra7 Re5+ 50.
Kf4 Rd5 51. Ba5 Rxa5 52. Rxa5 d2 53. Rxf5 d1=Q 54. Rg5 Qd2+ 55. Kf5 Qe2 56.
Kg6 Qe6+ 57. Kxh5 Qf7+ 58. Kh6 Kd4 59. h5 Ke4 60. Rg6 Qf5 61. g4 Qf4+ 62.
Kh7 Ke5 63. Rg7 Kf6 64. Rg6+ Kf7 65. h6 Qe4 66. Kh8 Qxg6 67. h7 Qg7#
{White checkmated}
0-1

[Event "ICC Open 2015"]
[Site "Internet Chess Club"]
[Date "2015.05.30"]
[Round "5"]
[White "SlowBlitz"]
[Black "TravisMcGee"]
[Result "0-1"]
[ICCResult "White forfeits on time"]
[WhiteElo "1361"]
[BlackElo "1569"]
[Opening "French: advance, Nimzovich system"]
[ECO "C02"]
[NIC "FR.03"]
[Time "19:41:59"]
[TimeControl "180+0"]

1. d4 e6 2. e4 d5 3. e5 c5 4. Nf3 cxd4 5. Qxd4 Nc6 6. Qa4 Bc5 7. Bb5 Qb6 8.
O-O Ne7 9. Bxc6+ Nxc6 10. c3 O-O 11. b4 Be7 12. Be3 Qc7 13. Nbd2 Nxe5 14.
Nxe5 Qxe5 15. Rac1 a6 16. Rfe1 Qc7 17. c4 Bd7 18. Qb3 dxc4 19. Rxc4 Bc6 20.
Rec1 Rfd8 21. Nf3 Rac8 22. Nd4 Qd7 23. Nxc6 Rxc6 24. Rxc6 bxc6 25. h3 Qd5
26. Qxd5 cxd5 27. a3 g6 28. Bd4 Bd6 29. Rc6 e5 30. Be3 d4 31. Bd2 Kg7 32.
Rxa6 Kf6 33. Kf1 Kf5 34. Ke2 e4 {White forfeits on time} 0-1

[Event "ICC Open 2015"]
[Site "Internet Chess Club"]
[Date "2015.05.30"]
[Round "5"]
[White "ShadowLike"]
[Black "VerdeNotte"]
[Result "0-1"]
[ICCResult "White forfeits on time"]
[WhiteElo "2188"]
[BlackElo "2869"]
[Opening "Caro-Kann: anti-Caro-Kann defense"]
[ECO "B10"]
[NIC "CK.01"]
[Time "19:42:00"]
[TimeControl "180+0"]

1. e4 c6 2. c4 g6 3. d4 Bg7 4. Nc3 d6 5. Nf3 Nf6 6. Bd3 O-O 7. Bg5 Bg4 8.
Qd2 Nbd7 9. h3 Bxf3 10. gxf3 e5 11. d5 Qa5 12. h4 Nh5 13. Be7 Nf4 14. h5 Nc5
15. Bc2 Bh6 16. Kf1 Kg7 17. hxg6 fxg6 18. Bxd6 Rfe8 19. Rxh6 Kxh6 20. Bxe5
Rxe5 21. Qxf4+ Rg5 22. Ke2 Qd8 23. e5 Qe7 24. e6 Rf8 25. Rh1+ Kg7 26. Qd4+
Qf6 27. Qxf6+ Rxf6 28. b4 Re5+ 29. Be4 Nxe6 30. dxe6 Rexe6 31. Rd1 h5 32.
Ke3 g5 33. b5 h4 34. bxc6 bxc6 35. Rd7+ Rf7 36. Rd1 h3 37. Rh1 Rh6 38. Ne2
Kf6 39. Ng3 Rh8 40. Nf5 h2 41. Ng3 c5 42. Nf1 Rd7 43. Rxh2 Rxh2 44. Nxh2 Rd1
45. Ng4+ Ke6 46. Bd5+ Kf5 47. Nh6+ Kg6 48. Ng4 Ra1 49. Be4+ Kg7 50. Bd5 Rxa2
51. Ne5 a5 52. Nd7 a4 {White forfeits on time} 0-1

[Event "ICC Open 2015"]
[Site "Internet Chess Club"]
[Date "2015.05.30"]
[Round "5"]
[White "aplusk"]
[Black "N-Chadaev"]
[Result "1-0"]
[ICCResult "Black checkmated"]
[WhiteElo "2976"]
[BlackElo "3281"]
[Opening "Réti: King's Indian attack"]
[ECO "A05"]
[NIC "QP.11"]
[Time "19:42:02"]
[TimeControl "180+0"]

1. Nf3 Nf6 2. g3 g6 3. b3 Bg7 4. Bb2 d6 5. d4 O-O 6. Bg2 c5 7. c4 Ne4 8. O-O
Nc6 9. Nbd2 Bf5 10. Nh4 Nxd2 11. Qxd2 cxd4 12. Nxf5 gxf5 13. Bxc6 bxc6 14.
Bxd4 Bxd4 15. Qxd4 e6 16. Rad1 d5 17. Qc5 Qb6 18. Qe7 Qd8 19. Qc5 Qd7 20.
Rd3 Rfd8 21. Rfd1 Qd6 22. Qe3 Qf8 23. Rd4 a5 24. Rh4 Qg7 25. Rh5 Kh8 26. Rd4
a4 27. Rdh4 axb3 28. axb3 dxc4 29. bxc4 Ra1+ 30. Kg2 Rdd1 31. Qc5 Rd8 32.
Qe7 Raa8 33. Rxh7+ Qxh7 34. Rxh7+ Kxh7 35. Qxf7+ Kh8 36. Qf6+ Kh7 37. Qe7+
Kh8 38. Qxe6 Rf8 39. Qh6+ Kg8 40. Qe6+ Kh8 41. Qxc6 Ra7 42. Qh6+ Kg8 43. e3
Rc7 44. h4 Rff7 45. Qg6+ Kf8 46. Qe6 Rce7 47. Qd6 Kg7 48. c5 Rd7 49. Qe5+
Kh7 50. c6 Rc7 51. Qe6 Ra7 52. h5 Rac7 53. Qg6+ Kh8 54. h6 Ra7 55. Kf3 Rfc7
56. Qf6+ Kh7 57. Kf4 Rf7 58. Qe6 Ra4+ 59. Kg5 Raa7 60. Qg6+ Kh8 61. Kh5 Rac7
62. f4 Rce7 63. Qd6 Kh7 64. Qg6+ Kh8 65. Kg5 Rc7 66. Qd6 Rce7 67. Kg6 Rc7
68. Qd8+ Rf8 69. Qxf8# {Black checkmated} 1-0

[Event "ICC Open 2015"]
[Site "Internet Chess Club"]
[Date "2015.05.30"]
[Round "5"]
[White "Muad-dib"]
[Black "rovov"]
[Result "1/2-1/2"]
[ICCResult "Black ran out of time and White has no material to mate"]
[WhiteElo "1966"]
[BlackElo "1613"]
[Opening "French: advance, Paulsen attack"]
[ECO "C00"]
[NIC "FR.01"]
[Time "19:41:54"]
[TimeControl "180+0"]

1. e4 e6 2. Nf3 d5 3. e5 c5 4. c3 Nc6 5. d4 Qb6 6. Qb3 Qxb3 7. axb3 cxd4 8.
cxd4 Bb4+ 9. Bd2 Nge7 10. Bb5 Bxd2+ 11. Kxd2 O-O 12. Nc3 Nf5 13. Kd3 Bd7 14.
g4 Nfe7 15. Kd2 a6 16. Bd3 Nb4 17. Bb1 Rac8 18. h4 Nbc6 19. Ke3 b5 20. Rxa6
b4 21. Na4 Ra8 22. Rxa8 Rxa8 23. Bc2 Na5 24. Ng5 Bxa4 25. bxa4 Nc4+ 26. Ke2
Nxb2 27. Bxh7+ Kf8 28. Bc2 Nxa4 29. Bxa4 Rxa4 30. Rb1 Nc6 31. Nf3 Ra2+ 32.
Ke3 Ra3+ 33. Ke2 b3 34. Kd2 Ra2+ 35. Ke3 Na5 36. Nd2 Nc4+ 37. Nxc4 dxc4 38.
f4 Ke7 39. f5 exf5 40. gxf5 Rh2 41. Ke4 b2 42. d5 Rxh4+ 43. Ke3 c3 44. Kd3
Rh3+ 45. Kc2 Rf3 46. d6+ Kd7 47. Rd1 Rxf5 48. Rg1 Rxe5 49. Rxg7 Rb5 50.
Rxf7+ Kxd6 51. Rf1 Kc5 52. Rf5+ Kb4 53. Rf4+ Ka5 54. Rf1 Ka4 55. Rf4+ Ka3
56. Rf1 Ka2 57. Rb1 Rh5 58. Rf1 Rh2+ 59. Kxc3 b1=Q 60. Rxb1 Kxb1 61. Kd3 Kb2
62. Ke3 Rc2 63. Kd3 Kb3 64. Kd4 Kb4 65. Kd3 Kb3 66. Kd4 Rc3 67. Kd5 Kb4 68.
Kd4 Kb3 69. Kd5 Rc4 70. Ke5 Kb4 71. Kd5 Kb5 72. Kd6
{Black ran out of time and White has no material to mate}
1/2-1/2

[Event "ICC Open 2015"]
[Site "Internet Chess Club"]
[Date "2015.05.30"]
[Round "5"]
[White "PajoPatak"]
[Black "noyb"]
[Result "1-0"]
[ICCResult "Black checkmated"]
[WhiteElo "1665"]
[BlackElo "1969"]
[Opening "Caro-Kann: classical variation"]
[ECO "B18"]
[NIC "CK.10"]
[Time "19:42:04"]
[TimeControl "180+0"]

1. e4 c6 2. d4 d5 3. Nc3 dxe4 4. Nxe4 Bf5 5. Ng3 Bg6 6. Bc4 e6 7. c3 Bd6 8.
N1e2 Qc7 9. Be3 Nd7 10. Qd2 Ne7 11. Nf4 O-O 12. Nxg6 Nxg6 13. Ne4 Bf4 14.
O-O-O Nb6 15. Bb3 Rad8 16. h4 Bxe3 17. Qxe3 Qf4 18. g3 Qxe3+ 19. fxe3 Ne7
20. Nc5 Rb8 21. a4 Rfd8 22. a5 Nd7 23. Ne4 Nd5 24. Rde1 a6 25. Rhf1 N5f6 26.
Ng5 h6 27. Nf3 Ne4 28. Rg1 Rbc8 29. Bc2 Ndf6 30. g4 g5 31. hxg5 hxg5 32. Ne5
Kg7 33. Ref1 Rc7 34. Rh1 Rh8 35. Rxh8 Kxh8 36. Bxe4 Nxe4 37. Rxf7 Rxf7 38.
Nxf7+ Kg7 39. Ne5 Kf6 40. Kc2 Nd6 41. Kd3 Nc8 42. Nd7+ Ke7 43. Nc5 Nd6 44.
e4 Nf7 45. Nxb7 Nh6 46. Nc5 Nxg4 47. Nxa6 Kd6 48. Nc5 Nf2+ 49. Ke3 Nd1+ 50.
Kf3 Nxb2 51. a6 Nc4 52. a7 Nb6 53. Kg4 e5 54. Kxg5 exd4 55. cxd4 Kc7 56. Kf5
Na8 57. e5 Kd8 58. Kf6 Ke8 59. e6 Nc7 60. Na6 Na8 61. Nb8 c5 62. dxc5 Nc7
63. Na6 Nd5+ 64. Ke5 Nb6 65. Kd6 Kf8 66. e7+ Ke8 67. Nc7+ Kf7 68. e8=Q+ Kf6
69. Qe6+ Kg5 70. Kc6 Nc4 71. Qe7+ Kf5 72. a8=Q Kf4 73. Qaf8+ Kg4 74. Qeg7+
Kh4 75. Qfh8# {Black checkmated} 1-0

[Event "ICC Open 2015"]
[Site "Internet Chess Club"]
[Date "2015.05.30"]
[Round "5"]
[White "Sjelan"]
[Black "grancaruso"]
[Result "0-1"]
[ICCResult "White checkmated"]
[WhiteElo "2146"]
[BlackElo "1849"]
[Opening "Queen's pawn game"]
[ECO "E10"]
[NIC "QI.01"]
[Time "19:42:26"]
[TimeControl "180+0"]

1. d4 Nf6 2. Nf3 e6 3. c4 c5 4. dxc5 Bxc5 5. Nc3 O-O 6. Bg5 Be7 7. e3 b6 8.
Bd3 Bb7 9. O-O d6 10. Qe2 Nbd7 11. Rfd1 Qc7 12. Rac1 a6 13. b3 Rac8 14. Bh4
Rfd8 15. Bg3 Nf8 16. e4 Nh5 17. Bb1 Nxg3 18. hxg3 Qb8 19. Na4 Bc6 20. Nd4
Bxa4 21. bxa4 Bf6 22. Nb3 a5 23. Bd3 g6 24. c5 dxc5 25. Bb5 Rxd1+ 26. Rxd1
Rd8 27. Rxd8 Qxd8 28. Nd2 Bd4 29. Nc4 Nd7 30. Qd3 Nf6 31. Kf1 Kg7 32. e5 Ng4
33. f4 Nh2+ 34. Ke2 Qd5 35. Nxb6 Qxg2+ 36. Kd1 Qg1+ 37. Kc2 Qf2+ 38. Kd1 Nf3
39. Nc4 Qe1+ 40. Kc2 Qa1 41. Kb3 Ne1 42. Qd2 Qb1+ 43. Ka3 Nc2+ 44. Qxc2 Qxc2
45. Nd2 Qc3+ 46. Nb3 Qb4# {White checkmated} 0-1

[Event "ICC Open 2015"]
[Site "Internet Chess Club"]
[Date "2015.05.30"]
[Round "5"]
[White "MARXVONAZULAY"]
[Black "Mormegil"]
[Result "0-1"]
[ICCResult "White forfeits on time"]
[WhiteElo "1553"]
[BlackElo "1720"]
[Opening "Ruy Lopez: closed"]
[ECO "C90"]
[NIC "RL.19"]
[Time "19:41:52"]
[TimeControl "180+0"]

1. e4 e5 2. Nf3 Nc6 3. Bb5 a6 4. Ba4 Nf6 5. O-O Be7 6. Re1 b5 7. Bb3 d6 8.
a3 Bg4 9. d3 Nd4 10. Ba2 Nxf3+ 11. gxf3 Bh3 12. Kh1 Qd7 13. Rg1 O-O 14. Bh6
Nh5 15. Nd2 Kh8 16. Be3 Nf4 17. Bxf4 exf4 18. Rg3 fxg3 19. fxg3 Be6 20. Bb1
f5 21. c3 fxe4 22. Nxe4 Bd5 23. Qe2 Qf5 24. Kg2 Rae8 25. Bc2 Ba8 26. Re1 h6
27. d4 Qh5 28. Qd3 Qg6 29. d5 Qf5 30. Qe3 Bxd5 31. Bd3 Bc4 32. Nxd6 Qxd3 33.
Nxe8 Rxe8 34. Qxd3 Bxd3 35. Rd1 Bg6 36. Rd2 Bd6 37. h4 Kg8 38. g4 Bh7 39. h5
Re3 40. Rf2 Kf7 41. Rd2 Bf4 42. Rf2 Rd3 43. Kh3 Rd2 44. Rxd2 Bxd2 45. Kg3
Bc1 46. b3 Bxa3 47. Kf4 Bb2 48. c4 Bc3 49. Ke3 Ke6 50. f4 bxc4 51. bxc4 c5
52. g5 Bd4+ 53. Kd2 hxg5 54. fxg5 Kf5 55. g6 Kg5 56. gxh7 Kh6 57. h8=Q+ Kg5
58. Qd8+ Kg4 59. Qd7+ Kxh5 {White forfeits on time} 0-1

[Event "ICC Open 2015"]
[Site "Internet Chess Club"]
[Date "2015.05.30"]
[Round "5"]
[White "hejajw"]
[Black "Ernani"]
[Result "0-1"]
[ICCResult "White forfeits on time"]
[WhiteElo "2614"]
[BlackElo "2631"]
[Opening "Benoni defense"]
[ECO "A61"]
[NIC "BI.38"]
[Time "19:41:49"]
[TimeControl "180+0"]

1. d4 Nf6 2. c4 c5 3. d5 e6 4. Nf3 exd5 5. cxd5 d6 6. Nc3 g6 7. Bf4 a6 8. a4
Bg7 9. e3 O-O 10. h3 Ne8 11. Be2 Nd7 12. O-O Qe7 13. Nd2 Ne5 14. Qc2 g5 15.
Bg3 f5 16. f4 Ng6 17. Nc4 gxf4 18. exf4 Rb8 19. a5 Bd7 20. Rae1 Qf7 21. Bh5
Bb5 22. Nxb5 axb5 23. Ne3 Nc7 24. Bf3 Rbe8 25. Kh2 Bd4 26. Qd3 Bxb2 27. h4
Bd4 28. h5 Ne7 29. Bh4 Nexd5 30. Nxd5 Nxd5 31. Qxb5 Ne3 32. Rg1 Ng4+ 33.
Bxg4 fxg4 34. Rxe8 Bxg1+ 35. Kxg1 Rxe8 36. h6 Qe6 37. Kh2 Qf7 38. Bg5 c4 39.
Qb4 Rc8 40. Qc3 d5 41. f5 d4 42. Qxd4 c3 43. Bc1 Qc7+ 44. g3 Qf7 45. Qxg4+
Kf8 46. Bf4 Rc6 47. Qe2 c2 48. Bc1 Qe7 49. Qd2 Qd6 50. Qf4 Qxf4 51. gxf4 Rc4
52. Kg3 Rc5 53. Kf3 Rxf5 54. Ke2 Rxa5 55. Kd3 Rb5 56. Kxc2 Rb6 57. Bd2 Rxh6
58. Kd3 Rf6 59. Ke4 Kf7 60. Be3 Re6+ 61. Kf3 Re8 62. Kg4 Rc8 63. Bf2 Rc4 64.
Bg3 Rc6 65. Kf3 b5 66. f5 b4 67. Kg4 b3 68. Be5 b2 69. Bxb2 Rb6 70. Be5 Rb4+
71. Bf4 Rb3 72. Be3 Rb4+ 73. Kf3 Rb5 74. Ke2 Rb3 75. Bd2 Rb7 76. Kd1 Rd7 77.
Ke1 Rd8 78. Kf1 Rc8 {White forfeits on time} 0-1

[Event "ICC Open 2015"]
[Site "Internet Chess Club"]
[Date "2015.05.30"]
[Round "5"]
[White "StarShip32"]
[Black "Steingrim89"]
[Result "0-1"]
[ICCResult "White forfeits on time"]
[WhiteElo "1977"]
[BlackElo "1667"]
[Opening "Benkö gambit"]
[ECO "A57"]
[NIC "BI.46"]
[Time "19:41:36"]
[TimeControl "180+0"]

1. d4 Nf6 2. c4 c5 3. d5 b5 4. Nd2 d6 5. e4 Nbd7 6. Ngf3 g6 7. cxb5 a6 8.
bxa6 Bxa6 9. Bxa6 Rxa6 10. O-O Bg7 11. h3 O-O 12. Re1 Qa5 13. Nc4 Qc7 14.
Bd2 Rb8 15. Bc3 Ne8 16. Bxg7 Kxg7 17. b3 Qa7 18. Qc2 Nb6 19. Nxb6 Rbxb6 20.
e5 Rb4 21. Nd2 Rd4 22. Nf3 Rxd5 23. Qe4 e6 24. Qh4 h6 25. a4 dxe5 26. Nxe5
Rad6 27. Rac1 Rd4 28. Qg3 Nf6 29. Rc4 Rxc4 30. Nxc4 Rd5 31. Re3 Rg5 32. Qd6
Qb7 33. Rf3 Ne4 34. Qd3 Rf5 35. Rxf5 exf5 36. f3 Ng5 37. Qc3+ Kh7 38. Ne5
Qe7 39. h4 f6 40. Nd3 Qe2 41. hxg5 hxg5 42. Nxc5 Qd1+ 43. Kh2 Qd6+ 44. Kg1
Qd1+ 45. Kf2 Qd6 46. Nd3 Qe6 47. b4 Qb6+ 48. Qc5 Qb7 49. b5 Qd7 50. Qc4 Qd6
51. a5 Qb8 52. a6 Qa8 53. Qc6 Qe8 54. b6 Qf7 55. b7 Qa2+ 56. Ke3 Qb1 57. Kd4
Qb6+ 58. Kd5 Qxc6+ 59. Kxc6 f4 60. b8=Q Kh6 61. a7 Kh5 62. a8=Q Kh4 63. Qh8+
Kg3 64. Qa4 Kxg2 65. Qc2+ Kf1 {White forfeits on time} 0-1

[Event "ICC Open 2015"]
[Site "Internet Chess Club"]
[Date "2015.05.30"]
[Round "5"]
[White "nadalthegreat"]
[Black "zagor"]
[Result "1-0"]
[ICCResult "Black forfeits on time"]
[WhiteElo "1863"]
[BlackElo "2106"]
[Opening "Sicilian defense"]
[ECO "B44"]
[NIC "SI.39"]
[Time "19:42:30"]
[TimeControl "180+0"]

1. e4 c5 2. Nf3 e6 3. d4 cxd4 4. Nxd4 Nc6 5. Be3 Nf6 6. Nc3 Qc7 7. Ndb5 Qb8
8. g3 a6 9. Bf4 e5 10. Be3 axb5 11. Bxb5 Be7 12. Qd2 O-O 13. O-O-O d6 14. f4
Be6 15. f5 Bc8 16. h4 Qc7 17. h5 Bd7 18. g4 h6 19. g5 hxg5 20. Bxg5 Nh7 21.
Nd5 Bxg5 22. Qxg5 Nxg5 23. Nxc7 Rac8 24. Nd5 Rfe8 25. Nb6 Rcd8 26. Rxd6 Bc8
27. Nxc8 Rxc8 28. Re1 f6 29. Rd7 Nd4 30. Bd3 b5 31. Rg1 b4 32. Kb1 Red8 33.
Bc4+ Kh7 34. Rxd8 Rxd8 35. Bd3 Rc8 36. Rc1 Kh6 37. Rh1 Rc5 38. Re1 Nc6 39.
Rh1 Nd4 40. Re1 Ndf3 41. Re2 Rc8 42. Rf2 Rd8 43. a3 Rd4 44. a4 Nxe4 45. Bxe4
Nd2+ 46. Rxd2 Rxd2 47. a5 Rd6 48. Bf3 {Black forfeits on time} 1-0

[Event "ICC Open 2015"]
[Site "Internet Chess Club"]
[Date "2015.05.30"]
[Round "5"]
[White "Osya"]
[Black "Ricardov"]
[Result "0-1"]
[ICCResult "White forfeits on time"]
[WhiteElo "1876"]
[BlackElo "2332"]
[Opening "English: Bremen system with ...g6"]
[ECO "A24"]
[NIC "EO.14"]
[Time "19:42:36"]
[TimeControl "180+0"]

1. c4 Nf6 2. Nc3 e5 3. g3 g6 4. Bg2 Bg7 5. e4 O-O 6. d3 c6 7. Nge2 Na6 8.
O-O Nc7 9. d4 exd4 10. Nxd4 Ne6 11. h3 Nxe4 12. Nxe6 Nxc3 13. Nxd8 Nxd1 14.
Nxc6 dxc6 15. Rxd1 Be6 16. c5 Rfd8 17. Bf4 Rxd1+ 18. Rxd1 Bxb2 19. Rb1 Bd4
20. Rxb7 Bxc5 21. Bxc6 Rd8 22. Be5 Bxa2 23. Bf6 Rf8 24. Kg2 Be6 25. h4 h6
26. h5 gxh5 27. Rb5 Bb6 28. Rxh5 Bd8 29. Bxd8 Rxd8 30. Rxh6 a5 31. Ba4 Rd4
{White forfeits on time}
0-1

[Event "ICC Open 2015"]
[Site "Internet Chess Club"]
[Date "2015.05.30"]
[Round "5"]
[White "ural"]
[Black "Gambit101"]
[Result "0-1"]
[ICCResult "White forfeits on time"]
[WhiteElo "2358"]
[BlackElo "3010"]
[Opening "Sicilian defense"]
[ECO "B20"]
[NIC "SI.48"]
[Time "19:42:18"]
[TimeControl "180+0"]

1. e4 c5 2. b3 Nc6 3. Bb2 e6 4. Qe2 a6 5. Nf3 Nf6 6. e5 Nd5 7. Nc3 Nxc3 8.
dxc3 d6 9. O-O-O d5 10. c4 d4 11. c3 Qa5 12. cxd4 Qxa2 13. d5 Nb4 14. Nd2
exd5 15. cxd5 Bf5 16. Qf3 Bc2 17. Bc4 b5 18. d6 Ra7 19. e6 bxc4 20. d7+ Kd8
21. Nxc4 fxe6 22. Bf6+ Be7 23. Bxe7+ Kxe7 24. d8=Q+ Rxd8 25. Rxd8 Kxd8 26.
Qf8+ Kd7 27. Qd6+ Ke8 28. Qxe6+ Re7 29. Qc8+ Kf7 30. Nd6+ Kg6 31. Qg4+ Kf6
32. Qf4+ Ke6 33. Re1+ Kd7 34. Rxe7+ Kxe7 35. Nc8+ Kd7 36. Qg4+ Kc7 37. Qf4+
Kxc8 38. Qf8+ Kc7 39. Qxg7+ Kc6 40. Qf6+ Kc7 41. Qg7+ Kb6 42. Qf6+ Nc6 43.
Qc3 Qa1+ 44. Kd2 Bd3 {White forfeits on time} 0-1

[Event "ICC Open 2015"]
[Site "Internet Chess Club"]
[Date "2015.05.30"]
[Round "5"]
[White "yellow"]
[Black "marcocoimbra"]
[Result "0-1"]
[ICCResult "White forfeits on time"]
[WhiteElo "1522"]
[BlackElo "1446"]
[Opening "QGD Slav defense: exchange variation"]
[ECO "D10"]
[NIC "SL.01"]
[Time "19:42:42"]
[TimeControl "180+0"]

1. d4 d5 2. c4 c6 3. cxd5 cxd5 4. Nc3 a6 5. Nf3 Bf5 6. e3 e6 7. Bd3 Bxd3 8.
Qxd3 Nf6 9. O-O Nbd7 10. a3 Be7 11. e4 dxe4 12. Nxe4 O-O 13. Be3 b5 14. Rac1
Rc8 15. Rxc8 Qxc8 16. Rc1 Qb8 17. h3 Rc8 18. Rxc8+ Qxc8 19. g4 Qc6 20. Nxf6+
Nxf6 21. Ne5 Qc7 22. Bf4 Nd7 23. Ng6 Qd8 24. Nxe7+ Qxe7 25. Kg2 h6 26. Kg3
Nf6 27. f3 Nd5 28. Bd2 Qd6+ 29. f4 g5 30. Qe4 gxf4+ 31. Bxf4 Qxf4+ 32. Qxf4
Nxf4 33. Kxf4 f6 34. h4 Kf7 35. h5 Ke7 36. b4 Kd6 37. Ke4 e5 38. d5 Ke7 39.
Kf5 Kd6 40. Kxf6 e4 41. Kg6 e3 42. Kxh6 e2 43. Kg6 e1=Q 44. h6 Qe8+ 45. Kg7
Qe7+ {White forfeits on time} 0-1

[Event "ICC Open 2015"]
[Site "Internet Chess Club"]
[Date "2015.05.30"]
[Round "5"]
[White "LastKeks"]
[Black "Pikaso"]
[Result "0-1"]
[ICCResult "White forfeits on time"]
[WhiteElo "3098"]
[BlackElo "2879"]
[Opening "Caro-Kann: advance variation"]
[ECO "B12"]
[NIC "CK.04"]
[Time "19:42:34"]
[TimeControl "180+0"]

1. e4 c6 2. d4 d5 3. e5 Bf5 4. h4 h5 5. c4 e6 6. Nc3 Ne7 7. Nge2 dxc4 8. Ng3
b5 9. Bg5 Qd7 10. Be2 Nd5 11. O-O Be7 12. Nxh5 Bxg5 13. Nxg7+ Kf8 14. Nxf5
Bxh4 15. Nxh4 Rxh4 16. g3 Rh8 17. Ne4 Na6 18. Qd2 f5 19. Ng5 Nac7 20. Kg2
Qg7 21. Rh1 Ke7 22. a4 a6 23. Bf3 Rag8 24. axb5 Rxh1 25. Kxh1 Qxg5 26. Qxg5+
Rxg5 27. bxa6 Rg8 28. Be2 c3 29. bxc3 Nxc3 30. Bc4 N3b5 31. Kg2 Kd7 32. Rh1
Rg7 33. Rh8 Nxa6 34. Ra8 Nac7 35. Rh8 Nxd4 36. Rh6 Ndb5 37. f4 Na3 38. Bb3
Nab5 39. Kf2 Nd4 40. Bc4 Ndb5 41. Rf6 Ke7 42. Rh6 Nd5 43. Kf3 Nd4+ 44. Kf2
Nb5 45. Kf3 Nbc7 46. Kf2 Ne8 47. Kf3 Kd7 48. Kf2 Rf7 49. Kf3 Nec7 50. Kf2
Nb6 {White forfeits on time} 0-1

[Event "ICC Open 2015"]
[Site "Internet Chess Club"]
[Date "2015.05.30"]
[Round "5"]
[White "LordProtector"]
[Black "h13"]
[Result "0-1"]
[ICCResult "White resigns"]
[WhiteElo "3005"]
[BlackElo "2525"]
[Opening "Sicilian: Pelikan (Lasker/Sveshnikov) variation"]
[ECO "B33"]
[NIC "SI.35"]
[Time "19:42:47"]
[TimeControl "180+0"]

1. e4 c5 2. Nf3 Nc6 3. d4 cxd4 4. Nxd4 Nf6 5. Nc3 e5 6. Ndb5 h6 7. Nd6+ Bxd6
8. Qxd6 Qe7 9. Qxe7+ Kxe7 10. Be3 d6 11. f3 Be6 12. O-O-O Rhd8 13. Be2 Rac8
14. Kb1 b6 15. Rd2 d5 16. exd5 Nxd5 17. Nxd5+ Rxd5 18. Rxd5 Bxd5 19. Rd1 Be6
20. b3 f5 21. c4 Rd8 22. Rxd8 Kxd8 23. Kb2 Kd7 24. Kc3 g5 25. b4 f4 26. Bf2
h5 27. a4 g4 28. c5 bxc5 29. Bxc5 a5 30. b5 Nd8 31. b6 Nb7 32. Bf2 Kd6 33.
Ba6 Bd5 34. Be2 Bc6 35. fxg4 hxg4 36. Bxg4 Bxa4 37. Bf3 Bc6 38. Bxc6 Kxc6
39. h4 Nd6 40. Kd3 a4 41. Kc2 e4 42. Bd4 Nf5 43. Be5 f3 44. gxf3 exf3 45.
Kd2 Nxh4 46. Ke3 a3 47. Kf2 a2 48. Bd4 Kb7 49. Kf1 Nf5 50. Bb2 Ne3+ 51. Kf2
Nd1+ {White resigns} 0-1

[Event "ICC Open 2015"]
[Site "Internet Chess Club"]
[Date "2015.05.30"]
[Round "5"]
[White "sahilmd"]
[Black "JOHEL"]
[Result "1-0"]
[ICCResult "Black forfeits on time"]
[WhiteElo "2040"]
[BlackElo "1680"]
[Opening "Nimzo-Indian: Romanishin-Kasparov (Steiner) system"]
[ECO "E20"]
[NIC "NI.29"]
[Time "19:42:25"]
[TimeControl "180+0"]

1. d4 Nf6 2. c4 e6 3. Nc3 Bb4 4. g3 O-O 5. Bg2 d5 6. cxd5 exd5 7. a3 Bxc3+
8. bxc3 Bf5 9. Nf3 Re8 10. O-O Nc6 11. Nh4 Bg4 12. Bf3 Bxf3 13. exf3 h6 14.
Nf5 Ne7 15. Nxh6+ gxh6 16. Bxh6 Nf5 17. Qd2 Nxh6 18. Qxh6 Re6 19. Rae1 Qf8
20. Qg5+ Qg7 21. Qf4 c6 22. Rxe6 fxe6 23. Re1 Re8 24. Re5 Kf7 25. g4 Rh8 26.
g5 Ke7 27. Qf5 Rg8 28. Rxe6+ Kd8 29. Qxf6+ Qxf6 30. Rxf6 Rxg5+ 31. Kf1 Ke7
32. Rh6 Rg7 33. f4 Rf7 34. Ke2 Rxf4 35. Rh7+ Kd6 36. Rxb7 Rh4 37. Rxa7 Rxh2
38. a4 Rh1 39. a5 Ra1 40. Ra8 c5 41. Ra6+ Kc7 42. dxc5 Kb7 43. Rb6+ Kc7 44.
a6 Ra5 45. Kd3 Rxc5 46. Rb7+ Kc8 47. Kd4 Ra5 48. Rb6 Kc7 49. Rh6 Kb8 50. Rd6
Ka7 51. Rxd5 Rxa6 52. f4 Rf6 53. f5 Kb7 54. Ke5 Rf8 55. f6 Kc7 56. Ke6 Re8+
57. Kf7 Re1 58. Rg5 Rf1 59. Kg7 Kd7 60. f7 Ke7 61. Re5+ Kd6 62. Re2 Rg1+ 63.
Kf6 Rf1+ 64. Kg6 Rg1+ 65. Kh5 Rf1 66. Rd2+ Ke7 67. Re2+ Kf8 68. Rd2 Rxf7 69.
c4 {Black forfeits on time} 1-0

[Event "ICC Open 2015"]
[Site "Internet Chess Club"]
[Date "2015.05.30"]
[Round "5"]
[White "LastWarning"]
[Black "Dark-Magician"]
[Result "0-1"]
[ICCResult "White checkmated"]
[WhiteElo "2675"]
[BlackElo "2351"]
[Opening "Sicilian: closed, 6.f4"]
[ECO "B25"]
[NIC "SI.45"]
[Time "19:42:47"]
[TimeControl "180+0"]

1. g3 g6 2. Bg2 Bg7 3. d3 d6 4. Nc3 c5 5. e4 Nc6 6. f4 e6 7. Nf3 Nge7 8. h3
O-O 9. g4 f5 10. g5 d5 11. e5 Rb8 12. h4 b5 13. h5 d4 14. Ne2 Bb7 15. Ng3
Nb4 16. a3 Nbd5 17. Qe2 Qb6 18. Nh4 Rfc8 19. hxg6 hxg6 20. Ne4 fxe4 21. Bxe4
c4 22. Qh2 Nf5 23. Nxg6 Kf7 24. Qh5 Ke8 25. Nh4+ Kf8 26. Ng6+ Ke8 27. Nh8+
Kd8 28. Qf7 Nde7 29. Ng6 Bxe4 30. dxe4 Qc6 31. Nxe7 Qxe4+ 32. Kf2 Qxc2+ 33.
Kf3 Qd3+ 34. Kg4 Qg3+ 35. Kh5 Qf3+ 36. Kg6 Nxe7+ 37. Kxg7 Qxh1 38. Qxe6 Qd5
39. Qxd5+ Nxd5 40. f5 Kd7 41. g6 Rh8 42. Bg5 Rbg8+ 43. Kf7 Rf8+ 44. Kg7
Rfg8+ 45. Kf7 Rf8+ 46. Kg7 Rxf5 47. Kxh8 Rxg5 48. g7 Ne7 49. Rf1 Rxe5 50.
Rf7 Rh5# {White checkmated} 0-1

[Event "ICC Open 2015"]
[Site "Internet Chess Club"]
[Date "2015.05.30"]
[Round "5"]
[White "manitodeplomo"]
[Black "PJJVenegas"]
[Result "1-0"]
[ICCResult "Black forfeits on time"]
[WhiteElo "2670"]
[BlackElo "2286"]
[Opening "Benoni defense, Hromodka system"]
[ECO "A43"]
[NIC "OI.09"]
[Time "19:42:09"]
[TimeControl "180+0"]

1. d4 c5 2. d5 d6 3. c4 Nf6 4. Nc3 a6 5. a4 b6 6. e4 g6 7. h3 Bg7 8. Nf3 O-O
9. Bd3 Re8 10. O-O e6 11. Bg5 exd5 12. cxd5 h6 13. Be3 Nbd7 14. Qd2 Kh7 15.
Rab1 Qc7 16. Rfc1 Rb8 17. b4 c4 18. Bc2 b5 19. axb5 axb5 20. Nd4 Ne5 21.
Ndxb5 Qd7 22. f4 Nd3 23. Bxd3 cxd3 24. e5 dxe5 25. fxe5 Rxe5 26. Bf4 Rxb5
27. Bxe5 Ne4 28. Qxd3 Bxe5 29. Qxb5 Nxc3 30. Qxd7 Bxd7 31. Kf2 Nxd5 32. b5
Bf5 33. Rb3 Nb6 34. Rc6 h5 35. Ke3 Bh2 36. Kf3 Bg1 37. g4 Be6 38. Rb1 Bd5+
39. Kf4 Bxc6 40. bxc6 Bc5 41. Ke5 hxg4 42. hxg4 Kg7 43. c7 Bf2 44. Rxb6 Bg3+
45. Ke4 Bxc7 46. Rb7 Bd8 47. Kf4 Bh4 48. g5 Be1 49. Kg4 Bd2 50. Rb5 Bc1 51.
Rd5 Be3 52. Rd3 Bb6 53. Rd1 Bc7 54. Rf1 Bd6 55. Rf3 Be7 56. Rd3 Bc5 57. Rf3
Bf8 58. Rb3 Kg8 59. Rb5 Kg7 60. Kf4 Kg8 61. Ke4 Kg7 62. Kd5 Be7 63. Kc6 Bxg5
64. Rxg5 f6 65. Rg1 g5 66. Kd6 Kg6 67. Ke6 f5 68. Rf1 f4 69. Rg1 Kh5 70. Kf5
Kh4 71. Rh1+ Kg3 72. Rh5 f3 73. Rxg5+ Kf2 74. Rg4 Ke2 75. Rf4 f2 76. Re4+
Kd1 77. Rd4+ {Black forfeits on time} 1-0